 Dungeon Sprint DCSS version 0.21.0-3-g78d12a8 (webtiles) character file.

214 sanboga the Fighter (level 5, 0/40 HPs)
             Began as a Gargoyle Berserker on Jan 10, 2018.
             Was a Believer of Trog.
             Slain by a crocodile (10 damage)
             ... in the Dungeon (Sprint II: "The Violet Keep of Menkaure").
             The game lasted 00:00:35 (150 turns).

sanboga the Fighter (Gargoyle Berserker)             Turns: 150, Time: 00:00:36

Health: 0/40       AC:  6    Str: 21    XL:     5   Next: 92%
Magic:  5/5        EV: 13    Int:  8    God:    Trog [**....]
Gold:   243        SH:  0    Dex:  9    Spells: 4/4 levels left

rFire    . . .     SeeInvis .   a - +0 hand axe
rCold    . . .     Gourm    .   (no shield)
rNeg     + . .     Faith    .   b - +0 animal skin
rPois    ∞         Spirit   .   (no helmet)
rElec    +         Reflect  .   (no cloak)
rCorr    .         Harm     .   (no gloves)
MR       .....     NoTele   +   (no boots)
Stlth    +.........             (no amulet)
HPRegen  0.13/turn              (no ring)
MPRegen  0.09/turn              (no ring)

@: berserk cooldown, slowed, very slow
A: negative energy resistance 1, electricity resistance, unbreathing,
petrification resistance, rot immunity, AC +4
a: Berserk, Trog's Hand, Burn Spellbooks, Renounce Religion


You were in the Dungeon.
You worshipped Trog.
Trog was pleased with you.
You were not hungry.

You visited 1 branch You collected 243 gold pieces.

Inventory:

Hand Weapons
 a - a +0 hand axe (weapon)
Armour
 b - a +0 animal skin (worn)
Scrolls
 i - a scroll of blinking
Potions
 d - a potion of curing
 e - a potion of heal wounds
 f - a potion of haste
 g - 2 potions of magic
 h - a potion of berserk rage
Comestibles
 c - a ration


   Skills:
 + Level 8.6 Fighting
 + Level 7.3 Axes
 + Level 4.5 Armour
 + Level 3.4 Dodging


You had 4 spell levels left.
You didn't know any spells.

Dungeon Overview and Level Annotations

Branches:
Dungeon (1/1)

Altars:

Shops:
D %(


Innate Abilities, Weirdness & Mutations

You are resistant to torment.
Your stone body is resilient. (AC +4)
You are immune to poison.
You resist negative energy. (rN+)
You are resistant to electric shocks. (rElec)
You can survive without breathing.
You are immune to petrification.
You are immune to rotting.


Message History

You hit the crocodile but do no damage.
The crocodile is heavily wounded.
The crocodile bites you!
You slash the crocodile!
The crocodile is almost dead.
The crocodile closely misses you. The crocodile bites you!
* * * LOW HITPOINT WARNING * * *
You closely miss the crocodile.
The crocodile is almost dead.
The crocodile barely misses you.
You barely miss the crocodile.
The crocodile is almost dead.
The crocodile completely misses you. The crocodile barely misses you.
You barely miss the crocodile.
The crocodile is almost dead.
The crocodile bites you but does no damage.
You hit the crocodile.
The crocodile is almost dead.
The crocodile bites you!
You die...

####+####
##§§≈§§≈≈##
≈≈≈§§§§§§##
≈§§§§§§§§#
§§§§≈§§ # ≈S§≈
###≈≈#+++#+++##
##≈≈≈..@......#
.#≈≈≈≈t##'##..#
∩#≈≈≈≈##.#.## #
.#≈≈≈≈#..#..#
∩#≈≈# ###.###
.#≈# #†# .#≈
##.## .+ +.<†+
##.##


You could see a crocodile.

Vanquished Creatures
  Menkaure (D)
  4 worker ants (D)
5 creatures vanquished.

Notes
Turn   | Place    | Note
-------+----------+-------------------------------------------
     0 | D        | sanboga the Gargoyle Berserker began the quest for the Orb.
     0 | D        | Reached XP level 1. HP: 14/14 MP: 1/1
     1 | D        | Noticed a worker ant
     1 | D        | Noticed a worker ant
     2 | D        | Noticed a worker ant
     2 | D        | Noticed a worker ant
     6 | D        | Killed a worker ant
     6 | D        | Reached skill level 5 in Fighting
     6 | D        | Reached XP level 2. HP: 21/21 MP: 2/2
     6 | D        | Reached XP level 3. HP: 26/26 MP: 3/3
    13 | D        | Reached ** piety under Trog
    13 | D        | Reached skill level 6 in Fighting
    13 | D        | Reached skill level 5 in Axes
    13 | D        | Reached XP level 4. HP: 28/32 MP: 4/4
   131 | D        | Noticed Menkaure
   136 | D        | Killed Menkaure
   136 | D        | Reached skill level 8 in Fighting
   136 | D        | Reached XP level 5. HP: 40/40 MP: 5/5
   138 | D        | Noticed a crocodile
   139 | D        | Found Vuloazuq's Food Boutique.
   139 | D        | Found Mosh's Antique Weapon Shop.
   150 | D        | Slain by a crocodile

Skill      XL: |  1  2  3  4 |
---------------+-------------+-----
Fighting       | 5 6 8 |  8.6
Axes           | 4 5 7 |  7.3
Dodging        | 2 3 |  3.4
Armour         | 3 4 |  4.5

Action                   |  1- 3 |  4- 6 || total
-------------------------+-------+-------++-------
Melee: Hand axe          |     9 |    17 ||    26
Invok: Berserk           |     1 |     1 ||     2
Armor: Animal skin       |     2 |     1 ||     3
Dodge: Dodged            |     5 |    10 ||    15
